 Dungeon Crawl Stone Soup version 0.27.1-1-g398f81649c (webtiles) character file.

Game seed: 3913081417702608546

413 zdrol the Cudgeller (level 6, -6/53 HPs)
             Began as a Minotaur Fighter on Sept 7, 2021.
             Mangled by an ogre (11 damage)
             ... on level 5 of the Dungeon.
             The game lasted 00:15:57 (4615 turns).

zdrol the Cudgeller (Minotaur Fighter)              Turns: 4615, Time: 00:15:57

Health: -6/53      AC: 15    Str: 21    XL:     6   Next: 59%
Magic:  5/5        EV:  4    Int:  5    God:
Gold:   149        SH: 10    Dex: 11    Spells: 5/5 levels left

rFire    . . .     SeeInvis .   a - +0 flail
rCold    + . .     Faith    .   c - +0 kite shield
rNeg     . . .     Spirit   .   i - +0 plate armour
rPois    .         Reflect  .   (helmet restricted)
rElec    .         Harm     .   (no cloak)
rCorr    .         Rampage  .   (no gloves)
Will     .....                  g - +2 pair of boots
Stlth    ..........             (no amulet)
HPRegen  0.17/turn              k - ring of protection from cold
MPRegen  0.09/turn              (no ring)

@: no status effects
A: horns 2, retaliatory headbutt
a: no special abilities


You were on level 5 of the Dungeon.
You visited 1 branch of the dungeon, and saw 5 of its levels.

You collected 149 gold pieces.

Inventory:

Hand Weapons
 a - a +0 flail (weapon)
Missiles
 j - 3 boomerangs (quivered)
 n - 2 javelins
Armour
 c - a +0 kite shield (worn)
 g - a +2 pair of boots (worn)
 i - a +0 plate armour (worn)
Jewellery
 k - a ring of protection from cold (left hand)
Scrolls
 b - 2 scrolls of amnesia
 e - a scroll of teleportation
Potions
 d - a potion of might
 f - a potion of curing {unknown}
 h - a potion of lignification {unknown}
 l - 3 potions of haste
 m - a potion of degeneration {unknown}
 p - a potion of flight {unknown}


   Skills:
 + Level 4.6 Fighting
 + Level 6.0 Maces & Flails
 + Level 1.3 Throwing
 + Level 5.0 Armour
 + Level 0.1 Dodging
 + Level 0.1 Stealth
 + Level 5.0 Shields


You had 5 spell levels left.
You didn't know any spells.
Your spell library contained the following spells:

 Spells                   Type           Power      Damage    Failure   Level
 Blink                    Tloc           N/A        N/A       100%        2
 Lesser Beckoning         Tloc           0%         N/A       100%        3
 Manifold Assault         Tloc           0%         N/A       100%        5


Dungeon Overview and Level Annotations

Branches:
Dungeon (5/15)
 Temple: D:4-7

Altars:
Wu Jian

Shops:
D:2 *   D:3 :


Innate Abilities, Weirdness & Mutations

You have a pair of horns on your head.
You reflexively headbutt those who attack you in melee.


Message History

The centaur skeleton hits you but does no damage.
The centaur skeleton kicks you.
The centaur skeleton hits you but does no damage.
You block the centaur skeleton's attack.
The adder bites you but does no damage.
You hit the centaur skeleton. You headbutt the centaur skeleton!
You destroy the centaur skeleton!
You block the adder's attack.
Your Throwing skill increases to level 1!
You closely miss the adder. You block the adder's attack.
The adder barely misses you.
You miss the adder. Your headbutt misses the adder.
The adder bites you but does no damage. You block the adder's attack.
You thump the adder!
You kill the adder!
Your Shields skill increases to level 5!
You start waiting.
Done waiting.
An ogre comes into view. It is wielding a +0 giant spiked club.
The ogre shouts!
There is a stone staircase leading up here.
The ogre hits you with a +0 giant spiked club!!
You thump the ogre!
The ogre is moderately wounded.
The ogre hits you with a +0 giant spiked club!
You hit the ogre.
The ogre is heavily wounded.
You block the ogre's attack.
You completely miss the ogre. Your headbutt misses the ogre.
The ogre is heavily wounded.
A phantom comes into view.
The ogre hits you with a +0 giant spiked club!
* * * LOW HITPOINT WARNING * * *
You hit the ogre.
The ogre is severely wounded.
The ogre barely misses you.
You hit the ogre.
The ogre is severely wounded.
The ogre hits you with a +0 giant spiked club!
You die...

....... .......
....... .......
...#... .......
#.....O#########
#.....W@<.......
#...............
#...............
#)....##########
#..... #.....
#.... #?... #...


You could see a phantom and an ogre.

Vanquished Creatures
  An ogre (D:4)
  A jelly (D:4)
  A centaur skeleton (D:5)
  A hound (D:4)
  An orc wizard (D:3)
  A hound skeleton (D:4)
  3 gnolls (D:4)
  10 adders
  2 worms
  7 orcs
  6 ball pythons
  6 endoplasms
  A giant cockroach (D:1)
  6 goblins
  7 hobgoblins
  2 jackals (D:1)
  4 quokkas
  9 bats
  4 frilled lizards
  8 kobolds
  6 rats
87 creatures vanquished.

Notes
Turn   | Place    | Note
-------+----------+-------------------------------------------
     0 | D:1      | zdrol the Minotaur Fighter began the quest for the Orb.
     0 | D:1      | Reached XP level 1. HP: 19/19 MP: 0/0
     3 | D:1      | Found a faded altar of an unknown god.
    67 | D:1      | Reached XP level 2. HP: 18/27 MP: 1/1
   729 | D:1      | Reached skill level 3 in Maces & Flails
   941 | D:2      | Reached XP level 3. HP: 33/33 MP: 2/2
   978 | D:2      | Found Ririd's Assorted Antiques.
  1324 | D:2      | Reached skill level 4 in Maces & Flails
  1576 | D:2      | Reached XP level 4. HP: 37/40 MP: 3/3
  2268 | D:3      | Found Upnewic's Book Shop.
  2725 | D:3      | Reached XP level 5. HP: 16/47 MP: 4/4
  3539 | D:4      | Reached skill level 5 in Maces & Flails
  3745 | D:4      | Reached XP level 6. HP: 53/53 MP: 5/5
  3769 | D:4      | Found an ornate altar of the Wu Jian Council.
  3777 | D:4      | Reached skill level 5 in Armour
  4357 | D:4      | Reached skill level 6 in Maces & Flails
  4501 | D:5      | Entered Level 5 of the Dungeon
  4505 | D:5      | Reached skill level 1 in Throwing
  4508 | D:5      | Reached skill level 5 in Shields
  4615 | D:5      | Mangled by an ogre

Illustrated notes

Levels and vault maps discovered:
D:1:      dpeg_arrival_fog, layout_loops_cross, basic_ecumenical_altar
D:2:      cheibrodos_old_hovel, layout_loops_corners, serial_shops, shop,
          minmay_tromino_i2
D:3:      layout_basic, serial_shops, shop, serial_glass, glass_columns_c,
          glass_columns_a
D:4:      layout_basic, mainiacjoe_overflow_small_starburst, serial_curves,
          eino_curves_02, eino_curves_04, eino_curves_04, eino_curves_03,
          fountainhead, eino_tiny_chamber
D:5:      layout_basic, fedhas_altar_decomposition, nicolae_sextant,
          grunt_decor_arrowhead, kennysheep_generic_room_7, uniq_pikel

Skill      XL: |  1  2  3  4  5  6 |
---------------+-------------------+-----
Fighting       | 4 |  4.6
Shields        | 4 5 |  5.0
Maces & Flails | 3 4 5 6 |  6.0
Armour         | 4 5 |  5.0
Throwing       | 1 |  1.3
Dodging        | |  0.1
Stealth        | |  0.1

Action                   |  1- 3 |  4- 6 || total
-------------------------+-------+-------++-------
Melee: Flail             |   118 |   180 ||   298
       Headbutt          |     8 |    32 ||    40
Throw: Boomerang         |     3 |    17 ||    20
  Use: Scroll            |     2 |     6 ||     8
Armor: Scale mail        |    30 |       ||    30
       Plate armour      |    89 |   150 ||   239
Dodge: Dodged            |    26 |    27 ||    53
Block: Kite shield       |    71 |   111 ||   182
